 Dungeon Crawl Stone Soup version 0.29-a0-994-gc5c9f59d18 (webtiles) character file.

Game seed: 17806127128213507227

10294 Conn the Thaumaturge (level 11, 0/57 HPs)
             Began as an Octopode Fire Elementalist on Aug 3, 2022.
             Was a Believer of Sif Muna.
             Engulfed by a cloud of flame (23 damage)
             ... on level 9 of the Dungeon.
             The game lasted 00:40:10 (11704 turns).

Conn the Thaumaturge (Octopode Fire Elementalist)  Turns: 11704, Time: 00:40:11

Health: 0/57       AC:  5    Str:  7    XL:     11   Next: 59%
Magic:  18/24      EV: 13    Int: 32    God:    Sif Muna [**....]
Gold:   775        SH:  7    Dex: 11    Spells: 11/28 levels left

rFire   . . .      SeeInvis .   M - +6 spear "Zuzom" {vorpal, rPois}
rCold   . . .      Faith    .   i - +3 buckler "Isawn" {rCorr}
rNeg    . . .      Spirit   .   g - +0 hat
rPois   +          Reflect  .   (no amulet)
rElec   .          Harm     .   o - +4 ring of protection
rCorr   +          Rampage  .   p - +6 ring of intelligence
Will    .....                   I - ring of resist corrosion
Stlth   ++++......              (no ring)
HPRegen 0.19/turn               (no ring)
MPRegen 0.19/turn               (no ring)
                                (no ring)
                                (no ring)

@: no status effects
A: almost no armour, amphibious, 8 rings, camouflage 1, gelatinous body 1,
(nimble swimmer 1), tentacles, clever 1, frail 1, devolution 1
a: Renounce Religion, Channel Magic


You were on level 9 of the Dungeon.
You worshipped Sif Muna.
Sif Muna was pleased with you.
You visited 2 branches of the dungeon, and saw 11 of its levels.
You also visited: Sewer.

You collected 775 gold pieces.

Inventory:

Hand Weapons
 c - a +0 dagger
 k - a +4 hand axe
 l - a +3 rapier
 C - a +2 short sword of freezing
 M - the +6 spear "Zuzom" (weapon) {vorpal, rPois}
   (You took it off a centaur warrior on level 9 of the Dungeon)

   It inflicts extra damage upon your enemies.
   rPois:     It protects you from poison.
Armour
 g - a +0 hat (worn)
 i - the +3 buckler "Isawn" (worn) {rCorr}
   (You acquired it on level 9 of the Dungeon)

   rCorr:     It protects you from acid and corrosion.
 K - a +0 buckler
Jewellery
 o - a +4 ring of protection (left tentacle)
 p - a +6 ring of intelligence (right tentacle)
 I - a ring of resist corrosion (on tentacle)
Wands
 x - a wand of acid (3)
 H - a wand of paralysis (21)
Scrolls
 d - a scroll of butterflies
 h - 2 scrolls of amnesia
 j - a scroll of fear
 m - 2 scrolls of silence
 n - 4 scrolls of identify
 w - 2 scrolls of immolation
 y - 4 scrolls of enchant armour
 A - a scroll of noise
 D - 2 scrolls of torment
 E - a scroll of brand weapon {unknown}
 F - 3 scrolls of poison
 G - 2 scrolls of teleportation {unknown}
 J - a scroll of vulnerability {unknown}
 L - a scroll of blinking
 O - a scroll of magic mapping {unknown}
Potions
 a - a potion of magic
 b - a potion of might {unknown}
 e - a potion of resistance
 f - a potion of attraction {unknown}
 q - 2 potions of curing
 s - 3 potions of lignification
 t - 2 potions of ambrosia {unknown}
 u - 2 potions of berserk rage {unknown}
 v - a potion of degeneration {unknown}
 z - 3 potions of brilliance {unknown}
 B - 3 potions of invisibility
 N - a potion of haste {unknown}


   Skills:
 + Level 2.2 Fighting
 + Level 2.7 Short Blades
 + Level 0.2 Polearms
 + Level 3.9 Dodging
 + Level 5.1 Stealth
 * Level 2.9 Shields
 + Level 9.0 Spellcasting
 * Level 8.3 Conjurations
 + Level 2.2 Hexes
 + Level 3.7 Summonings
 + Level 8.5 Fire Magic
 * Level 5.9 Invocations
 + Level 0.9 Evocations


You had 11 spell levels left.
You knew the following spells:

 Your Spells              Type           Power      Damage    Failure   Level
a - Foxfire               Conj/Fire      100%       2x1d9     1%          1
b - Conjure Flame         Conj/Fire      62%        6-21      1%          3
c - Inner Flame           Hex/Fire       48%        N/A       1%          3
d - Flame Wave            Conj/Fire      62%        2d14      1%          4
e - Scorch                Fire           100%       2d10      1%          2
f - Summon Small Mammal   Summ           100%       N/A       1%          1
g - Summon Guardian Gole  Hex/Summ       33%        N/A       4%          3

Your spell library contained the following spells:

 Spells                   Type           Power      Damage    Failure   Level
 Apportation              Tloc           28%        N/A       4%          1
 Necrotise                Necr           56%        1d6       4%          1
 Anguish                  Hex/Necr       10%        N/A       28%         4
 Orb of Destruction       Conj           30%        9d10      77%         7
 Spellforged Servitor     Conj/Summ      26%        N/A       97%         7
 Enfeeble                 Hex            14%        N/A       100%        7


Dungeon Overview and Level Annotations

Branches:
Dungeon (10/15)            Temple (1/1) D:6            Lair (0/5) D:9
  Sewer (visited)
    Orc: D:9-12

Altars:
Ashenzari
Dithmenos
Elyvilon
Fedhas
Gozag
Hepliaklqana
Kikubaaqudgha
Makhleb
Nemelex Xobeh
Okawaru
Qazlal
Ru
Sif Muna
Trog
Uskayaw
Vehumet
Wu Jian
Xom
Yredelemnul
Zin
The Shining One


Innate Abilities, Weirdness & Mutations

You cannot wear most types of armour.
You are amphibious.
You can wear up to eight rings at the same time.
Your skin changes colour to match your surroundings (Stealth+).
Your rubbery body absorbs attacks. (AC +1, EV +1)
((You are camouflaged when in or above water. (Stealth+)))
You have tentacles for arms and can constrict up to eight enemies at once.
Your mind is acute. (Int +4, Str/Dex -1)
You are frail. (-10% HP)
You have hidden genetic defects.


Message History

The killer bee is moderately wounded.
The killer bee barely misses you.
Your bat misses the killer bee. The killer bee stings you.
* * * LOW HITPOINT WARNING * * *
The killer bee stings you.
* * * LOW HITPOINT WARNING * * *
You feel much better.
Your bat hits the killer bee but does no damage.
The killer bee stings you.
Your bat hits the killer bee. The killer bee barely misses you.
Casting: Summon Small Mammal (safe; 1% risk of failure)
Confirm with . or Enter, or press ? or * to list all spells.
Okay, then.
Unknown command.
Unknown command.
Casting: Summon Small Mammal (safe; 1% risk of failure)
Confirm with . or Enter, or press ? or * to list all spells.
Okay, then.
Unknown command.
Unknown command.
Aiming: Corrosive Bolt
Press: ? - help, Shift-Dir - straight line, f - killer bee, p - killer bee
Aim: a killer bee (heavily wounded, ally target, 43% to hit)
The bolt of acid hits the killer bee!
You kill the killer bee!
Sif Muna accepts your kill.
The killer bee is no longer covered in acid.
Your bat hits the killer bee.
Flame seeps out of the killer bee.
The killer bee is engulfed in blazing flames.
Sif Muna accepts your kill.
The killer bee explodes!
The fiery explosion engulfs you!
* * * LOW HITPOINT WARNING * * *
The fiery explosion engulfs your bat!
You kill your bat!
Your bat's corpse disappears in a puff of smoke!
You feel much better.
You are engulfed in blazing flames.
Your guardian golem is engulfed in blazing flames.
You are engulfed in blazing flames.
You die...

######.## #........
############## ###.#######
#............# #...###....
#.##########.# #.#.##.....
#.# #.####.#.#...#.# #.#
###......#.#..##.# #.#
#ยง9...####.#....#. #.#
#@###.# #.#..##.# #.# #.#
#.# #.#...#.# #.# #.###.#
#.##..... #.#
#.....####.###.... #.#
######........#####'#
#.#####.............##...#.
#.......####.######.##...##
#.....### #.# #.#.....#
##.##.# #.# #.#...###


You could see a friendly guardian golem (summoned).

Vanquished Creatures
  A two-headed ogre (D:9)
  A centaur warrior (D:9)
  An orc knight (D:9)
  2 ugly things (D:9)
  A manticore (D:9)
  A komodo dragon (D:9)
  A tengu conjurer (D:9)
  2 trolls (D:9)
  A wyvern (D:9)
  2 wraiths (D:9)
  4 yaks (D:8)
  A vampire mosquito (D:9)
  2 steam dragons (D:9)
  2 acid dragons (D:9)
  2 water moccasins
  3 orc warriors
  2 black bears
  5 ogres
  2 centaurs
  A phantom (D:4)
  2 kobold brigands
  3 bullfrogs
  Blork the orc (D:5)
  2 scorpions
  2 gnoll sergeants
  14 wights
  4 killer bees
  3 howler monkeys
  6 orc priests
  A gnoll bouda (D:9)
  4 hounds
  2 jellies
  5 iguanas
  7 orc wizards
  7 adders
  8 gnolls
  A river rat (Sewer)
  A shadow imp (D:6)
  A white imp (D:5)
  An ufetubus (D:5)
  4 worms (D:3)
  5 dart slugs
  23 orcs
  A bat skeleton (D:2)
  8 endoplasms
  8 giant cockroaches
  4 hobgoblins
  8 jackals
  4 quokkas
  10 ball pythons
  A ball python skeleton (D:2)
  A ball python zombie (D:2)
  8 bats
  9 frilled lizards
  11 goblins
  13 kobolds
  11 rats
241 creatures vanquished.

Vanquished Creatures (others)
  A jorogumo (shapeshifter) (D:9)
  A gargoyle (D:9)
  A hornet (D:7)
  641 foxfires
  31 plants (D:9)
  2 withered plants (D:2)
677 creatures vanquished.

Grand Total: 918 creatures vanquished

Notes
Turn   | Place    | Note
-------+----------+-------------------------------------------
     0 | D:1      | Conn the Octopode Fire Elementalist began the quest for the
                  | Orb.
     0 | D:1      | Reached XP level 1. HP: 11/11 MP: 3/3
   284 | D:1      | Reached XP level 2. HP: 17/17 MP: 3/5
   541 | D:1      | Found a faded altar of an unknown god.
   706 | D:1      | Reached XP level 3. HP: 21/21 MP: 4/6
  1515 | D:2      | Reached XP level 4. HP: 27/27 MP: 0/7
  2035 | D:2      | Learned a level 2 spell: Scorch
  2039 | D:2      | Learned a level 3 spell: Conjure Flame
  2151 | D:3      | Found a hazy altar of Hepliaklqana.
  2156 | D:3      | Found an ornate altar of the Wu Jian Council.
  2448 | D:3      | Found a glowing drain.
  2458 | Sewer    | Entered a sewer
  2678 | Sewer    | Reached XP level 5. HP: 31/31 MP: 5/9
  2720 | Sewer    | Reached skill level 1 in Short Blades
  2725 | Sewer    | Reached skill level 3 in Spellcasting
  3145 | D:4      | Noticed a phantom
  3151 | D:4      | Killed a phantom
  3152 | D:4      | Reached XP level 6. HP: 37/37 MP: 0/10
  3673 | D:4      | Found a sacrificial altar of Ru.
  3736 | D:4      | Found a hide-covered altar of Uskayaw.
  4101 | D:5      | Entered Level 5 of the Dungeon
  4114 | D:5      | Reached XP level 7. HP: 28/42 MP: 0/12
  4115 | D:5      | Reached skill level 4 in Spellcasting
  4393 | D:5      | Noticed Blork the orc
  4396 | D:5      | Killed Blork the orc
  4397 | D:5      | Reached skill level 5 in Fire Magic
  4422 | D:5      | Learned a level 3 spell: Inner Flame
  4427 | D:5      | Learned a level 4 spell: Flame Wave
  4429 | D:5      | Learned a level 1 spell: Summon Small Mammal
  5220 | D:5      | Reached skill level 1 in Fighting
  5220 | D:5      | Reached XP level 8. HP: 48/48 MP: 10/15
  5594 | D:6      | Reached skill level 5 in Spellcasting
  5686 | D:6      | Found a staircase to the Ecumenical Temple.
  5991 | D:6      | Reached skill level 1 in Hexes
  5994 | D:6      | Reached skill level 5 in Conjurations
  5997 | D:6      | Reached skill level 1 in Summonings
  6193 | D:6      | Reached XP level 9. HP: 53/53 MP: 0/17
  6320 | D:6      | Reached skill level 6 in Spellcasting
  6339 | Temple   | Entered the Ecumenical Temple
  6708 | Temple   | Became a worshipper of Sif Muna the Loreminder
  7335 | D:7      | You fall into a shaft and drop 2 floors!
  7353 | D:9      | Noticed an orc knight
  7385 | D:9      | Noticed a red ugly thing
  7394 | D:9      | Killed a red ugly thing
  7395 | D:9      | Killed an orc knight
  7469 | D:9      | Noticed a two-headed ogre
  7485 | D:9      | Reached skill level 1 in Invocations
  7532 | D:9      | Killed a two-headed ogre
  7533 | D:9      | Reached skill level 5 in Stealth
  7533 | D:9      | Reached skill level 7 in Spellcasting
  7533 | D:9      | Reached XP level 10. HP: 28/60 MP: 9/20
  7658 | D:9      | Reached * piety under Sif Muna
  7778 | D:9      | Identified 2 scrolls of acquirement
  7778 | D:9      | Acquired a book of Dangerous Friends
  7784 | D:9      | Learned a level 3 spell: Summon Guardian Golem
  8047 | D:9      | Noticed an ettin
  8049 | D:9      | Noticed a jorogumo
  8049 | D:9      | an ettin changed into a jorogumo
  8054 | D:9      | Killed a jorogumo
  8159 | D:9      | Noticed a red ugly thing
  8173 | D:9      | Killed a red ugly thing
  8409 | D:9      | Identified the +6 spear "Zuzom" {vorpal, rPois}
  8409 | D:9      | Noticed a centaur warrior
  8491 | D:9      | Acquired the +3 buckler "Isawn" {rCorr}
  8523 | D:9      | Reached skill level 8 in Spellcasting
  8527 | D:9      | Reached skill level 1 in Shields
  8603 | D:9      | Reached XP level 11. HP: 52/64 MP: 1/23
  8755 | D:9      | Killed a centaur warrior
  8756 | D:9      | Reached skill level 5 in Invocations
  9181 | D:9      | Found a staircase to the Lair.
 10032 | D:7      | Reached ** piety under Sif Muna
 10241 | D:7      | Gained mutation: Your body sometimes deteriorates upon
                  | taking damage. [potion of mutation]
 10241 | D:7      | Gained mutation: You are partially covered in iridescent
                  | scales. (AC +2) [potion of mutation]
 10242 | D:7      | Lost mutation: Your body sometimes deteriorates upon taking
                  | damage. [potion of mutation]
 10242 | D:7      | Lost mutation: You are partially covered in iridescent
                  | scales. (AC +2) [potion of mutation]
 10242 | D:7      | Gained mutation: You are strong-willed. (Will+) [potion of
                  | mutation]
 10242 | D:7      | Gained mutation: Your magical capacity is low. (-10% MP)
                  | [potion of mutation]
 10243 | D:7      | Lost mutation: Your magical capacity is low. (-10% MP)
                  | [potion of mutation]
 10243 | D:7      | Lost mutation: You are strong-willed. (Will+) [potion of
                  | mutation]
 10243 | D:7      | Gained mutation: You are frail. (-10% HP) [potion of
                  | mutation]
 10243 | D:7      | Gained mutation: You have hidden genetic defects. [potion
                  | of mutation]
 10243 | D:7      | Gained mutation: Your mind is acute. (Int +4, Str/Dex -1)
                  | [potion of mutation]
 11331 | D:9      | Noticed a manticore
 11347 | D:9      | Killed a manticore
 11348 | D:9      | Reached skill level 9 in Spellcasting
 11684 | D:10     | Entered Level 10 of the Dungeon
 11704 | D:9      | Engulfed by a cloud of flame

Illustrated notes

Levels and vault maps discovered:
D:1:      lordsloth_arrival_two_stooges, layout_basic,
          dilly_ecumenical_altar_fadedgnrine
D:2:      layout_basic, serial_undead, serial_undead_c, serial_undead_d,
          serial_undead_a, serial_undead_c
D:3:      layout_basic, nicolae_overflow_squiral, cheibrodos_sewer_entry_bend
D:4:      layout_cave_pools, amcnicky_altar_gilded,
          mainiacjoe_overflow_small_starburst, minmay_circle_x
D:5:      layout_loops_ring, uniq_blork_the_orc
D:6:      layout_basic, minmay_temple_entry_mini_moons
D:7:      layout_basic, serial_curves, eino_curves_02, eino_curves_02
D:8:      layout_cave_pools
D:9:      minmay_the_grid_4x2 [minmay_the_grid_tiny_cups,
          minmay_the_grid_armoury, minmay_the_grid_rooms, minmay_the_grid_fan,
          minmay_the_grid_zigzag_pyramid, minmay_the_grid_plusring,
          minmay_the_grid_dragon_b, minmay_the_grid_prize_big_room],
          layout_loops_ring, david_lair_shrubbed
D:10:     minmay_ornate_pinched, layout_basic, kennysheep_mini_moat,
          minmay_pinched_square, uniq_josephine, uniq_erolcha
Temple:   minmay_temple_bridge_d

Skill      XL: |  1  2  3  4  5  6  7  8  9 10 11 |
---------------+----------------------------------+-----
Stealth        | 3 4 5 |  5.1
Conjurations   | 2 3 4 5 7 8 |  8.3
Fire Magic     | 4 5 6 7 8 |  8.5
Short Blades   | 1 2 |  2.7
Spellcasting   | 3 4 5 7 8 9 |  9.0
Fighting       | 1 2 |  2.2
Hexes          | 1 2 |  2.2
Summonings     | 2 3 |  3.7
Dodging        | 3 |  3.9
Invocations    | 2 4 5 |  5.9
Shields        | 1 2 |  2.9
Polearms       | |  0.2
Evocations     | |  0.9

Action                   |  1- 3 |  4- 6 |  7- 9 | 10-12 || total
-------------------------+-------+-------+-------+-------++-------
Melee: Unarmed           |     5 |       |       |       ||     5
       Constrict         |     8 |    12 |     7 |     3 ||    30
       Dagger            |    12 |       |       |       ||    12
       Tentacles         |     6 |     7 |    10 |     4 ||    27
       Punch             |     1 |     1 |     1 |       ||     3
       Rapier            |     8 |    42 |    10 |       ||    60
       Short sword       |       |       |    35 |     5 ||    40
       Spear             |       |       |       |    19 ||    19
 Cast: Foxfire           |    40 |   108 |   123 |    99 ||   370
       Scorch            |       |    11 |    12 |    61 ||    84
       Inner Flame       |       |       |     8 |    15 ||    23
       Summon Small Mamm |       |       |     6 |     5 ||    11
       Conjure Flame     |       |       |     6 |     7 ||    13
       Flame Wave        |       |       |     1 |     8 ||     9
       Summon Guardian G |       |       |       |     8 ||     8
Invok: Channel Magic     |       |       |       |     1 ||     1
Evoke: Wand              |       |     1 |     4 |     4 ||     9
  Use: Potion            |       |     1 |     3 |     7 ||    11
       Scroll            |       |       |    10 |     8 ||    18
 Stab: Sleeping          |     3 |     6 |     2 |       ||    11
       Paralysed         |       |       |     1 |       ||     1
Armor: Skin              |     8 |    11 |    15 |    14 ||    48
Dodge: Dodged            |    30 |    43 |    34 |    41 ||   148
Block: Buckler           |       |       |       |    29 ||    29

Table legend: (Time is in decaauts)
 A = Elapsed time spent in this place.
 B = Non-inter-level travel time spent in this place.
 C = Inter-level travel time spent in this place.
 D = Time resting spent in this place.
 E = Time spent auto-exploring this place.
 F = Levels seen in this place.
 G = Mean time per level.
                   A        B        C        D        E       F      G
               +--------+--------+--------+--------+--------+-----+--------+
         Total |  11716 |  11305 |    411 |    872 |   7398 |  12 |  976.3 |
       Dungeon |  10788 |  10513 |    275 |    872 |   6800 |  10 | 1078.8 |
        Temple |    438 |    302 |    136 |      0 |    274 |   1 |  438.0 |
         Sewer |    489 |    489 |      0 |      0 |    324 |   1 |  489.0 |
               +--------+--------+--------+--------+--------+-----+--------+

Top non-repeatable levels by time:
     D:9: 2944 daAuts
     D:5: 1476 daAuts
     D:7: 1204 daAuts
     D:1: 1077 daAuts
     D:6: 1018 daAuts
     D:2: 971 daAuts
     D:4: 797 daAuts
     D:3: 771 daAuts
     D:8: 520 daAuts
   Sewer: 489 daAuts
  Temple: 438 daAuts
    D:10: 6 daAuts
